 Dungeon Crawl Stone Soup version 0.27-a0-1245-g940ed4fa31 (webtiles) character file.

Game seed: 1986132136807101409

68047 Mesmaeker13 the Summoner (level 14, -2/94 HPs)
             Began as a Mummy Summoner on June 9, 2021.
             Was a High Priest of Sif Muna.
             Slain by a centaur warrior (3 damage)
             ... on level 12 of the Dungeon.
             The game lasted 01:17:35 (32296 turns).

Mesmaeker13 the Summoner (Mummy Summoner)          Turns: 32296, Time: 01:17:36

Health: -2/94      AC: 14    Str: 15    XL:     14   Next: 85%
Magic:  14/26      EV: 15    Int: 23    God:    Sif Muna [*****.]
Gold:   2567       SH:  6    Dex: 12    Spells: 11/29 levels left

rFire    + . .     SeeInvis +   y - +7 double sword of Patterns {flame, rF+ Stlth+}
rCold    + . .     Faith    .   B - +1 buckler of Panentheism {rElec}
rNeg     + + +     Spirit   .   v - +2 robe {rF+}
rPois    ∞         Reflect  .   b - +1 helmet
rElec    +         Harm     .   k - +1 cloak {Stlth+}
rCorr    .         Rampage  .   K - +2 pair of gloves of Axub {rPois Int+4}
Will     ++...                  w - +1 pair of boots
Stlth    ++++......             x - amulet of regeneration
HPRegen  1.25/turn              j - ring of willpower
MPRegen  0.20/turn              g - ring "Utoxtugu" {Str+3 SInv}

@: forested
A: cold resistance 1, negative energy resistance 3, torment resistance 2, heat
vulnerability 1, in touch with death 1, no potions
a: Renounce Religion, Channel Magic, Forget Spell, Divine Exegesis


You were on level 12 of the Dungeon.
You worshipped Sif Muna.
Sif Muna was extremely pleased with you.
You visited 3 branches of the dungeon, and saw 22 of its levels.

You collected 3989 gold pieces.
You spent 1422 gold pieces at shops.

Inventory:

Hand Weapons
 s - the +8 whip "Snakebite" {curare, rPois}
   (You took it off an orc warrior on level 5 of the Dungeon)

   It poisons the flesh of those it strikes.
   It protects you from poison.
 y - the +7 double sword of Patterns (weapon) {flame, rF+ Stlth+}
   (You acquired it on level 8 of the Dungeon)

   It has been specially enchanted to burn those struck by it, causing extra
   injury to most foes and up to half again as much damage against particularly
   susceptible opponents.
   Big, fiery blades are also staple armaments of hydra-hunters.
   It protects you from fire.
   It makes you more stealthy.
Missiles
 H - a throwing net
Armour
 b - a +1 helmet (worn)
 k - a +1 cloak of stealth (worn)
 q - a +0 leather armour of willpower
 v - a +2 robe of fire resistance (worn)
 w - a +1 pair of boots (worn)
 B - the +1 buckler of Panentheism (worn) {rElec}
   (You found it on level 7 of the Dungeon)

   It insulates you from electricity.
 K - the +2 pair of gloves of Axub (worn) {rPois Int+4}
   (You found it on level 1 of the Lair of Beasts)

   It affects your intelligence (+4).
   It protects you from poison.
Jewellery
 d - a ring of flight
 g - the ring "Utoxtugu" (right hand) {Str+3 SInv}
   (You bought it in a shop on level 1 of the Orcish Mines)

   [ring of see invisible]

   It affects your strength (+3).
   It lets you see invisible.
 i - a ring of protection from cold
 j - a ring of willpower (left hand)
 n - a +6 ring of intelligence
 x - an amulet of regeneration (around neck)
 C - a ring of magical power
Wands
 l - a wand of iceblast (2)
 r - a wand of mindburst (8)
 u - a wand of charming (13)
Scrolls
 a - a scroll of magic mapping
 c - a scroll of enchant weapon
 e - 4 scrolls of fear
 f - 5 scrolls of teleportation
 h - 3 scrolls of silence
 m - 4 scrolls of fog
 o - 3 scrolls of torment
 p - 5 scrolls of immolation
 t - 4 scrolls of noise
 z - 2 scrolls of amnesia
 A - 3 scrolls of vulnerability
 D - 4 scrolls of blinking
 L - 4 scrolls of identify
Miscellaneous
 E - a lightning rod (4/4)
 I - a phantom mirror
 J - a condenser vane (inert)


   Skills:
 + Level 3.8 Fighting
 - Level 6.0 Armour
 - Level 8.0 Dodging
 - Level 1.5 Stealth
 - Level 4.0 Shields
 - Level 8.0 Spellcasting
 + Level 11.9 Summonings
 + Level 7.2 Translocations
 - Level 8.0 Ice Magic
 - Level 6.0 Air Magic
 - Level 9.3 Invocations


You had 11 spell levels left.
You knew the following spells:

 Your Spells              Type           Power      Damage    Failure   Level
a - Summon Forest         Summ/Tloc      26%        N/A       3%          5
b - Call Imp              Summ           59%        N/A       1%          2
c - Call Canine Familiar  Summ           59%        N/A       1%          3
d - Summon Ice Beast      Ice/Summ       53%        N/A       1%          4
e - Summon Lightning Spi  Summ/Air       50%        N/A       1%          4

Your spell library contained the following spells:

 Spells                   Type           Power      Damage    Failure   Level
 Apportation              Tloc           84%        N/A       1%          1
 Freeze                   Ice            100%       1d11      1%          1
 Summon Small Mammal      Summ           100%       N/A       1%          1
 Blink                    Tloc           N/A        N/A       1%          2
 Ensorcelled Hibernation  Hex/Ice        54%        N/A       1%          2
 Frozen Ramparts          Ice            92%        1d11      1%          3
 Gell's Gravitas          Tloc           21%        N/A       1%          3
 Lesser Beckoning         Tloc           21%        N/A       1%          3
 Ozocubu's Armour         Ice            46%        N/A       1%          3
 Summon Guardian Golem    Hex/Summ       36%        N/A       1%          3
 Teleport Other           Tloc           42%        N/A       1%          3
 Corpse Rot               Necr/Air       N/A        N/A       3%          2
 Portal Projectile        Hex/Tloc       50%        N/A       4%          3
 Corona                   Hex            10%        N/A       7%          1
 Foxfire                  Conj/Fire      36%        2x1d5     7%          1
 Magic Dart               Conj           36%        1d4       7%          1
 Sting                    Tmut/Pois      36%        1d4       7%          1
 Mephitic Cloud           Conj/Pois/Air  18%        N/A       9%          3
 Manifold Assault         Tloc           42%        N/A       10%         5
 Searing Ray              Conj           18%        3d3       11%         2
 Slow                     Hex            9%         N/A       11%         2
 Iskenderun's Mystic Bla  Conj/Tloc      25%        2d7       16%         4
 Summon Mana Viper        Hex/Summ       36%        N/A       17%         5
 Conjure Flame            Conj/Fire      9%         6-21      21%         3
 Dazzling Flash           Conj/Hex       18%        N/A       21%         3
 Ignite Poison            Fire/Tmut/Pois 9%         N/A       21%         3
 Inner Flame              Hex/Fire       9%         N/A       21%         3
 Stone Arrow              Conj/Erth      18%        3d8       21%         3
 Tukima's Dance           Hex            9%         N/A       21%         3
 Metabolic Englaciation   Hex/Ice        13%        N/A       36%         5
 Summon Hydra             Summ           29%        N/A       41%         7
 Dispersal                Tloc           21%        N/A       50%         6
 Dispel Undead            Necr           13%        3d9       56%         4
 Fulminant Prism          Conj/Hex       4%         3d6       56%         4
 Leda's Liquefaction      Hex/Erth       4%         N/A       56%         4
 Sticky Flame             Conj/Fire      9%         2d3       56%         4
 Malign Gateway           Summ/Tloc      26%        N/A       75%         7
 Agony                    Necr           13%        N/A       88%         5
 Alistair's Intoxication  Tmut/Pois      6%         N/A       88%         5
 Bolt of Magma            Conj/Fire/Erth 4%         4d5       88%         5
 Excruciating Wounds      Necr           6%         N/A       88%         5
 Fireball                 Conj/Fire      4%         3d4       88%         5
 Ozocubu's Refrigeration  Ice            23%        4d9       91%         7
 Eringya's Noxious Bog    Tmut/Pois      4%         N/A       100%        6
 Invisibility             Hex            4%         N/A       100%        6
 Lehudib's Crystal Spear  Conj/Erth      4%         10d3      100%        8
 Absolute Zero            Ice            23%        ∞         100%        9
 Sublimation of Blood     Necr           Unusable   N/A       N/A         2

Dungeon Overview and Level Annotations

Branches:
Dungeon (14/15)            Temple (0/1) D:4            Lair (6/6) D:11
 Shoals (0/4) Lair:4        Snake (0/4) Lair:2        Slime (0/5) Lair:6
    Orc (2/2) D:10            Elf (0/3) Orc:2
 Vaults: D:13-14

Altars:
Ashenzari
Cheibriados
Dithmenos
Elyvilon
Fedhas
Gozag
Hepliaklqana
Okawaru
Sif Muna
Uskayaw
Vehumet
Zin
The Shining One
Beogh

Shops:
D:3 (   D:9 *   Orc:1 =   Orc:2 [*?!

Annotations:
D:2 2 exclusions, Sigmund
D:8 2 exclusions
D:9 exclusion: ice statue
D:13 1 exclusion
Lair:1 exclusion: oklob plant


Innate Abilities, Weirdness & Mutations

You are immune to poison.
Your flesh is cold resistant. (rC+)
You are immune to negative energy. (rN+++)
You are immune to unholy pain and torment.
You are vulnerable to heat. (rF-)
You are in touch with the powers of death.
You do not drink.


Message History

Press: ? - help, Shift-Dir - straight line The mass of ice explodes!
The iceblast engulfs the death knight!
The death knight is almost dead.
You hear a shout!
You block the death knight's attack.
Unknown command.
Unknown command.
Aiming: Iceblast
Press: ? - help, Shift-Dir - straight line The mass of ice explodes!
The iceblast engulfs the death knight!
You kill the death knight!
Sif Muna accepts your kill.
The centaur warrior shoots an arrow.
The arrow hits you!!
* * * LOW HITPOINT WARNING * * *
Your lightning rod (4/4) has regained one charge.
Unknown command.
The centaur warrior shoots an arrow.
The arrow hits you.
* * * LOW HITPOINT WARNING * * *
The centaur warrior unwields a +0 longbow.
You block the centaur warrior's attack.
The centaur warrior kicks you but does no damage.
The centaur warrior hits you!
* * * LOW HITPOINT WARNING * * *
The centaur warrior misses you.
Unknown command.
Casting: Summon Forest (dangerous; 3% risk of failure)
Confirm with . or Enter, or press ? or * to list all spells.
The centaur warrior hits you but does no damage.
The centaur warrior kicks you but does no damage.
You closely miss the centaur warrior. The centaur warrior hits you!
* * * LOW HITPOINT WARNING * * *
The centaur warrior kicks you.
* * * LOW HITPOINT WARNING * * *
The centaur warrior hits you but does no damage.
The centaur warrior barely misses you.
Your wolf bites the centaur warrior.
The centaur warrior completely misses you.
You riposte.
You slash the centaur warrior! You burn the centaur warrior.
The centaur warrior is heavily wounded.
The centaur warrior kicks you.
You die...

####.....#.###.###.#.#..#..######
##.)[....................[.......
##.)######♣######################
##.#.).♣.♣........♣#.............
##.#.#.#.♣.♣...♣♣.♣.##.).#.#.#.#.
##)###....)#...♣.♣#.#....#.#.#.##
....#....♣.).....♣.♣#......#.#..#
###.####.##....)h#.♣.......#.#.##
.....#..........@c##...#...#.#.#.
####.##.#..♣♣#♣♣).♣....##..#.###.
####..#....#..[♣.##...##......#..
......##...#.###.♣......♣....##.#
####...#...#.................#..#
#...#♣.)..........#....#.##.##
###..#..#.#.#....c#..♣#..#..##
######.##..#.#...#♣.c..#♣.##....
##^..#...#...#........c....#..###


You could see a centaur warrior (ally target) and a friendly wolf (summoned).

Vanquished Creatures
  A fire dragon (Lair:6)
  3 ogre magi (Orc:2)
  2 centaur warriors
  3 two-headed ogres
  A death knight (D:12)
  2 death yaks
  A skeletal warrior (D:12)
  A phantasmal warrior (D:13)
  A deep elf pyromancer (D:13)
  A lindwurm (Lair:2)
  A deep elf zephyrmancer (D:8)
  An ugly thing (D:12)
  3 manticores
  An oklob plant (Lair:3)
  2 cyclopes
  An elephant (Lair:6)
  2 torpor snails
  2 black mambas
  11 cane toads
  Maggie (D:6)
  3 gargoyles
  Maurice (D:7)
  Psyche (D:11)
  3 komodo dragons
  A kobold demonologist (D:11)
  4 rime drakes
  A nameless horror (D:11)
  A yaktaur (D:12)
  2 polar bears
  8 blink frogs
  17 dream sheep
  A wyvern (Lair:5)
  A shadow (D:12)
  17 yaks
  A wraith (Lair:5)
  8 basilisks
  2 steam dragons
  9 vampire mosquitoes
  2 wargs
  9 water moccasins
  An acid dragon (Lair:6)
  Duvessa (D:6)
  An ice beast (D:6)
  A black bear (D:7)
  5 orc warriors
  A sky beast (D:6)
  A swamp drake (Lair:6)
  2 necrophages
  8 ogres
  A boggart (D:12)
  23 wolves
  3 centaurs
  2 lemures (D:9)
  Blork the orc (D:5)
  6 bullfrogs
  4 gnoll sergeants
  A kobold brigand (D:8)
  2 scorpions (D:5)
  Dowan (D:6)
  A wyvern zombie (D:6)
  5 howler monkeys
  10 wights
  An electric eel (D:11)
  2 centaur zombies
  A lava snake (Orc:1)
  2 bullfrog skeletons
  5 orc priests
  5 hounds
  Crazy Yiuf (D:5)
  Terence (D:3)
  An iguana (D:7)
  4 orc wizards
  A hell rat (Lair:5)
  A howler monkey zombie (D:9)
  9 gnolls
  2 adders
  2 white imps
  2 adder skeletons
  A worm (D:4)
  17 orcs
  7 bats
  An endoplasm (D:2)
  A giant cockroach (D:2)
  A hobgoblin (D:2)
  A jackal (D:1)
  4 quokkas
  5 ball pythons
  4 frilled lizards (D:1)
  4 goblins
  A goblin zombie (D:6)
  9 kobolds
  A quokka zombie (D:6)
  6 rats
317 creatures vanquished.

Vanquished Creatures (collateral kills)
  A dire elephant (Lair:6)
  Josephine (Lair:5)
  An ice dragon (D:11)
  A rakshasa (D:12)
  A boulder beetle (D:13)
  8 hydras
  2 catoblepae (Lair:6)
  A centaur warrior (D:12)
  14 two-headed ogres
  5 death yaks
  A tengu warrior (D:12)
  A swamp dragon (Lair:6)
  2 lindwurms (Lair:6)
  An orb spider (shapeshifter) (D:13)
  An orc knight (Orc:1)
  Pikel (D:9)
  2 orc sorcerers (Orc:1)
  An ugly thing (D:12)
  5 manticores
  4 cyclopes
  An elephant (Lair:6)
  8 cane toads
  3 black mambas
  A rime drake (shapeshifter) (D:10)
  6 rime drakes
  10 komodo dragons
  3 trolls
  3 polar bears
  Grinder (D:6)
  19 dream sheep
  16 blink frogs
  A shadow (D:10)
  A water elemental (D:11)
  3 vampires
  3 wraiths
  5 basilisks
  22 yaks
  7 wyverns
  Grum (D:10)
  A steam dragon (Lair:5)
  7 vampire mosquitoes
  2 wargs (Orc:1)
  Menkaure (D:7)
  An acid dragon (Lair:6)
  A hell hound (Lair:4)
  17 water moccasins
  10 orc warriors
  A swamp drake (Lair:6)
  An ice beast (D:6)
  A black bear (D:5)
  12 wolves
  2 lemures (D:9)
  23 ogres
  2 kobold brigands
  3 bullfrogs
  A water moccasin zombie (D:5)
  An electric eel (D:9)
  7 wights
  2 howler monkeys (D:11)
  A nameless horror (D:11)
  A lava snake (Orc:1)
  A bullfrog skeleton (D:5)
  2 centaur zombies
  10 orc priests
  2 hounds (D:11)
  5 jellies
  3 iguanas
  7 orc wizards
  6 hell rats (Lair:5)
  A scorpion zombie (D:5)
  11 gnolls
  5 adders
  A white imp (D:5)
  2 worms (D:2)
  A dart slug (D:1)
  32 orcs
  2 bats (D:1)
  4 endoplasms
  2 giant cockroaches
  5 goblins
  2 jackals (D:1)
  A quokka (D:1)
  2 ball pythons (D:1)
  A frilled lizard (D:3)
  2 kobolds (D:8)
  2 rats
378 creatures vanquished.

Vanquished Creatures (others)
  An ogre mage (Orc:2)
  A bush (D:14)
  43 fungi
  86 plants
  7 snaplasher vines
138 creatures vanquished.

Grand Total: 833 creatures vanquished

Notes
Turn   | Place    | Note
-------+----------+-------------------------------------------
     0 | D:1      | Mesmaeker13 the Mummy Summoner began the quest for the Orb.
     0 | D:1      | Reached XP level 1. HP: 13/13 MP: 4/4
   578 | D:1      | Reached XP level 2. HP: 17/19 MP: 6/6
  1601 | D:2      | Reached XP level 3. HP: 24/24 MP: 4/7
  1632 | D:2      | Learned a level 2 spell: Call Imp
  2231 | D:2      | Noticed Sigmund
  2616 | D:2      | Found a shimmering blue altar of Sif Muna.
  2626 | D:2      | Became a worshipper of Sif Muna the Loreminder
  2664 | D:3      | Reached XP level 4. HP: 30/30 MP: 5/9
  2669 | D:3      | Learned a level 3 spell: Call Canine Familiar
  2880 | D:3      | Found Wekouwea's Weapon Shop.
  2883 | D:3      | Noticed Terence
  2909 | D:3      | Killed Terence
  3393 | D:3      | Learned a level 4 spell: Summon Ice Beast
  3619 | D:3      | Found a hazy altar of Hepliaklqana.
  3620 | D:3      | Found a faded altar of an unknown god.
  3620 | D:3      | Noticed a kobold brigand
  3636 | D:3      | Killed a kobold brigand
  3637 | D:3      | Reached skill level 4 in Summonings
  3637 | D:3      | Reached skill level 1 in Ice Magic
  3637 | D:3      | Reached XP level 5. HP: 18/35 MP: 5/11
  3905 | D:3      | Found a faded altar of an unknown god.
  4100 | D:4      | Found a staircase to the Ecumenical Temple.
  4250 | D:4      | Noticed an ogre
  4271 | D:4      | Killed an ogre
  4557 | D:4      | Found a hide-covered altar of Uskayaw.
  4967 | D:4      | Noticed an ogre
  4987 | D:4      | Killed an ogre
  4988 | D:4      | Reached XP level 6. HP: 41/41 MP: 3/12
  5410 | D:5      | Entered Level 5 of the Dungeon
  5666 | D:5      | Noticed an orc warrior
  6044 | D:5      | Reached * piety under Sif Muna
  6226 | D:5      | Reached XP level 7. HP: 33/46 MP: 13/13
  6320 | D:5      | Reached skill level 5 in Summonings
  6322 | D:5      | Noticed Blork the orc
  6348 | D:5      | Found a radiant altar of Vehumet.
  6661 | D:5      | Killed Blork the orc
  6744 | D:5      | Found a snail-covered altar of Cheibriados.
  7100 | D:5      | Found a runed translucent door.
  7101 | D:5      | Noticed Crazy Yiuf
  7114 | D:5      | Killed Crazy Yiuf
  7306 | D:6      | Found a sand-covered staircase.
  7330 | D:6      | Noticed Duvessa
  7344 | D:6      | Killed Duvessa
  7345 | D:6      | Reached XP level 8. HP: 42/52 MP: 9/14
  7352 | D:6      | Noticed Dowan
  7364 | D:6      | Killed Dowan
  7563 | D:6      | Noticed a two-headed ogre
  7610 | D:6      | Noticed Grinder
  7806 | D:6      | Reached skill level 5 in Dodging
  7870 | D:6      | Reached skill level 6 in Summonings
  7876 | D:6      | Killed Grinder
  8299 | D:6      | Noticed Maggie
  8316 | D:6      | Killed Maggie
  8794 | D:6      | Found the +5 sword of Power {vorpal}
  8808 | D:6      | Reached skill level 5 in Ice Magic
  9175 | D:7      | Reached XP level 9. HP: 25/57 MP: 9/15
  9423 | D:7      | Noticed Menkaure
  9433 | D:7      | Killed Menkaure
  9635 | D:7      | Reached ** piety under Sif Muna
 10181 | D:7      | Reached skill level 7 in Summonings
 10547 | D:7      | Identified the +1 buckler of Panentheism {rElec}
 10801 | D:8      | Reached skill level 1 in Shields
 10805 | D:8      | Noticed Maurice
 11042 | D:7      | Killed Maurice
 11155 | D:8      | Identified a scroll of acquirement
 11156 | D:8      | Acquired the +7 double sword of Patterns {flame, rF+
                  | Stlth+}
 11174 | D:8      | Learned a level 4 spell: Summon Lightning Spire
 11727 | D:8      | Reached *** piety under Sif Muna
 11733 | D:8      | Reached XP level 10. HP: 63/63 MP: 14/16
 11755 | D:8      | Noticed a deep elf zephyrmancer
 11776 | D:8      | Killed a deep elf zephyrmancer
 11777 | D:8      | Reached skill level 1 in Invocations
 11864 | D:8      | Found an iron altar of Okawaru.
 12095 | D:9      | Found Plog's Profane Products.
 12139 | D:9      | Found a broken altar of Ashenzari.
 12148 | D:9      | Found an opulent altar of Gozag.
 12308 | D:9      | Noticed Pikel
 12318 | D:9      | Killed Pikel
 12319 | D:9      | Reached skill level 1 in Air Magic
 12489 | D:9      | Reached skill level 8 in Summonings
 12671 | D:9      | Noticed an ice statue
 12774 | D:9      | Noticed an angel
 13103 | D:10     | Entered Level 10 of the Dungeon
 13398 | D:10     | Noticed Grum
 13462 | D:10     | Killed Grum
 13623 | D:10     | Found a staircase to the Orcish Mines.
 14145 | D:10     | Noticed a two-headed ogre
 14157 | D:10     | Killed a two-headed ogre
 14611 | D:6      | Killed a two-headed ogre
 14616 | D:6      | Reached **** piety under Sif Muna
 14715 | D:6      | Reached XP level 11. HP: 68/68 MP: 13/17
 14809 | D:6      | Found a blossoming altar of Fedhas.
 14819 | D:6      | Found a shadowy altar of Dithmenos.
 14865 | D:6      | Found a shimmering blue altar of Sif Muna.
 15153 | D:11     | Noticed Psyche
 15160 | D:11     | Killed Psyche
 15578 | D:11     | Found a staircase to the Lair.
 15664 | D:11     | Reached skill level 1 in Armour
 16535 | D:11     | Noticed an ice dragon
 16555 | D:11     | Reached skill level 9 in Summonings
 16653 | Lair:1   | Entered Level 1 of the Lair of Beasts
 16671 | Lair:1   | Identified the +2 pair of gloves of Axub {rPois Int+4}
 17019 | Lair:1   | Reached skill level 5 in Invocations
 17175 | Lair:1   | Reached ***** piety under Sif Muna
 17175 | Lair:1   | Identified Muufacy's Compendium of the Cankerous Snowflakes
                  | (Sif Muna gifted it to you on level 1 of the Lair of
                  | Beasts)
 17175 | Lair:1   | Received a gift from Sif Muna
 17423 | Lair:1   | Noticed an oklob plant
 18212 | Lair:2   | Reached skill level 5 in Air Magic
 18333 | Lair:2   | Found a staircase to the Snake Pit.
 18351 | Lair:2   | Reached XP level 12. HP: 74/74 MP: 9/18
 19311 | Lair:3   | Noticed a six-headed hydra
 19318 | Lair:3   | Killed a six-headed hydra
 19395 | Lair:3   | Learned a level 5 spell: Summon Forest
 19607 | Lair:3   | Found a shadowy altar of Dithmenos.
 19892 | Lair:3   | Noticed a death yak
 19897 | Lair:3   | Noticed a death yak
 19898 | Lair:3   | Noticed a death yak
 19900 | Lair:3   | Noticed a death yak
 19929 | Lair:3   | Killed a death yak
 19944 | Lair:2   | Killed a death yak
 19945 | Lair:2   | Reached skill level 1 in Translocations
 20163 | Lair:3   | Killed a death yak
 20214 | Lair:3   | Killed a death yak
 20792 | Lair:4   | Reached skill level 10 in Summonings
 20806 | Lair:4   | Identified Sif Muna's Disquisition on Earth and Hexes (Sif
                  | Muna gifted it to you on level 4 of the Lair of Beasts)
 20806 | Lair:4   | Received a gift from Sif Muna
 20893 | Lair:4   | Found a staircase to the Shoals.
 21148 | Lair:4   | Reached skill level 5 in Armour
 21863 | Lair:5   | Reached skill level 5 in Spellcasting
 22388 | Lair:5   | Gained mutation: You are in touch with the powers of death.
                  | [Mummy growth]
 22388 | Lair:5   | Reached XP level 13. HP: 79/79 MP: 15/21
 22490 | Lair:5   | Noticed Josephine
 22497 | Lair:5   | Killed Josephine
 22561 | Lair:5   | Found a blossoming altar of Fedhas.
 23390 | Lair:6   | Entered Level 6 of the Lair of Beasts
 23759 | Lair:6   | Found a staircase to the Slime Pits.
 23817 | Lair:6   | Identified Sif Muna's Papyrus of Congealing Hexes (Sif Muna
                  | gifted it to you on level 6 of the Lair of Beasts)
 23817 | Lair:6   | Received a gift from Sif Muna
 25050 | Lair:6   | Noticed a dire elephant
 25086 | Lair:6   | Killed a dire elephant
 25869 | Lair:6   | Reached skill level 5 in Translocations
 26089 | Lair:6   | Reached skill level 11 in Summonings
 26319 | Lair:6   | Noticed a fire dragon
 26331 | Lair:6   | Killed a fire dragon
 26587 | Lair:3   | Identified Sif Muna's Disquisition on the Spatial Frostbite
                  | (Sif Muna gifted it to you on level 3 of the Lair of
                  | Beasts)
 26587 | Lair:3   | Received a gift from Sif Muna
 26588 | Lair:3   | Reached XP level 14. HP: 85/85 MP: 22/26
 26769 | Orc:1    | Entered Level 1 of the Orcish Mines
 27301 | Orc:1    | Found Luipn's Jewellery Shop.
 27364 | Orc:1    | Bought the ring "Utoxtugu" {Str+3 SInv} for 424 gold pieces
 27853 | Orc:2    | Entered Level 2 of the Orcish Mines
 28050 | Orc:2    | Found a staircase to the Elven Halls.
 28207 | Orc:2    | Found Tefig's Antique Armour Emporium.
 28207 | Orc:2    | Found Baoduz's Magic Scroll Shop.
 28429 | Orc:2    | Found Rarphoq's General Store.
 28429 | Orc:2    | Found Miuts's Distillery.
 28833 | Orc:2    | Identified Dylap's Guide on the Frigorific Voyage (Sif Muna
                  | gifted it to you on level 2 of the Orcish Mines)
 28833 | Orc:2    | Received a gift from Sif Muna
 28965 | Orc:2    | Bought a scroll of acquirement for 780 gold pieces
 28967 | Orc:2    | Acquired 1230 gold pieces
 28974 | Orc:2    | Bought a pair of spiked gloves for 218 gold pieces
 28974 | Orc:2    | Identified the +0 pair of gloves of Beug {Harm} (You bought
                  | it in a shop on level 2 of the Orcish Mines)
 29538 | D:11     | You fall into a shaft and drop 3 floors!
 29809 | D:13     | Identified the +1 chain mail of Oily Salvation {Str+4}
 30246 | D:13     | Reached skill level 1 in Fighting
 32223 | D:12     | Identified the +1 scale mail of Hairiness {+Blink rElec rC+
                  | Dex+3}
 32296 | D:12     | HP: 3/94 [centaur warrior (11)]
 32296 | D:12     | HP: 1/94 [centaur warrior (2)]
 32296 | D:12     | Slain by a centaur warrior

Illustrated notes

Levels and vault maps discovered:
D:1:      tarquinn_simple_flora_water_a, layout_basic
D:2:      layout_basic, basic_altar, amcnicky_mini_pool_small, uniq_sigmund
D:3:      layout_basic, beargit_hepliaklqana_dungeon_heroes,
          hellmonk_ecumenical_altar_leap_of_faith, serial_shops,
          nicolae_shop_statue_plus, minmay_pentangle, uniq_terence
D:4:      layout_loops_ring, overflow_temple_1_default,
          minmay_temple_entry_tees, chequers_jeans, serial_bayou_pond_e
D:5:      layout_rooms, lemuel_round_altar, kennysheep_mini_moat,
          minmay_joined_circles, uniq_crazy_yiuf_cottage, uniq_blork_the_orc
D:6:      layout_cave_pools, minitemple, fedhas_altar_3, enter_ossuary_4,
          uniq_duvessa, uniq_grinder, uniq_maggie
D:7:      layout_loops_ring, chequers_serial_rivers_micro_c,
          chequers_serial_rivers_large_b, uniq_menkaure
D:8:      layout_basic, kennysheep_okawaru_gauntlet, guppyfry_early_elven_hall,
          uniq_maurice
D:9:      layout_stronghold, old_standard_altar, zin_angel,
          grunt_temple_overflow_diamond, serial_bayou_ford_a, dk_vineyard_2,
          minivault_15, nicolae_evil_shop, uniq_pikel
D:10:     layout_long_grid, minmay_orc_entry_temple_small, minivault_5,
          grunt_decor_mini_mirrors, uniq_grum
D:11:     layout_loops_ring, erik_lair_island,
          portal_ice_cave_entry_animals_and_master, uniq_psyche
D:12:     minmay_the_grid_triangle_9x9_recursive_3_mashed
          [minmay_the_grid_triangle_9x9_sparse_checkered,
          minmay_the_grid_triangle_9x9_limited_checkers,
          minmay_the_grid_triangle_9x9_swiss_cheese,
          minmay_the_grid_triangle_9x9_prize_insulated,
          minmay_the_grid_triangle_9x9_pentomino_pain,
          minmay_the_grid_triangle_9x9_longest,
          minmay_the_grid_triangle_9x9_intruding_spiral,
          minmay_the_grid_triangle_9x9_alien,
          minmay_the_grid_triangle_9x9_from_above], layout_loops_ring
D:13:     dragon1_lemuel, layout_stronghold, david_vaults_4,
          fake_guardian_serpent_vault, uniq_urug
D:14:     layout_loops_corners, nemelex_spade_bored_becter,
          gammafunk_ghost_stat_death, kennysheep_boxes, uniq_nessos
Lair:1:   layout_cellular_growth, beast_lair_carwin_9, serial_bayou_shore_a,
          minmay_lair_oklob_chamber
Lair:2:   layout_cave_shapes, minmay_snake_entry_six_corridors,
          minmay_lindwurm_lava, lemuel_fruit_tree, lemuel_fruit_fields
Lair:3:   layout_roguey, lemuel_oklob_altar, grunt_megastairs_3
Lair:4:   layout_cellular_growth, shoals_dummy_entry
Lair:5:   layout_loops_ring, special_room [special_room_mythical_zoo],
          basic_altar, kennysheep_basilisk_garden, infiniplex_staircase_pool_2,
          lemuel_fruit_fields, uniq_josephine
Lair:6:   guppyfry_lair_end_dragon, layout_long_grid, hangedman_lair_in_review,
          nicolae_slime_entry_slimehenge
Orc:1:    layout_caves, serial_shops, shop, nicolae_orc_lava_tube
Orc:2:    st_orc_ogre_mass, layout_caves, special_room

Skill      XL: |  1  2  3  4  5  6  7  8  9 10 11 12 13 14 |
---------------+-------------------------------------------+-----
Spellcasting   | 3 4 5 8 |  8.0
Dodging        | 2 3 4 5 6 7 8 |  8.0
Summonings     | 4 5 6 7 8 9 10 11 | 11.9
Ice Magic      | 1 2 3 5 6 7 8 |  8.0
Shields        | 2 4 |  4.0
Invocations    | 3 5 7 8 9 |  9.3
Air Magic      | 3 5 6 |  6.0
Armour         | 3 5 6 |  6.0
Translocations | 3 5 7 |  7.2
Fighting       | 3 |  3.8
Stealth        | |  1.5

Action                   |  1- 3 |  4- 6 |  7- 9 | 10-12 | 13-15 || total
-------------------------+-------+-------+-------+-------+-------++-------
Melee: Unarmed           |    26 |       |       |       |       ||    26
       Spear             |   110 |    17 |       |       |       ||   127
       Short sword       |       |    45 |       |       |       ||    45
       Whip              |       |       |   180 |       |       ||   180
       Double sword      |       |       |    33 |   398 |   395 ||   826
 Cast: Summon Small Mamm |    33 |       |       |       |       ||    33
       Call Imp          |    19 |    50 |    34 |     1 |       ||   104
       Call Canine Famil |       |     8 |    41 |     6 |    21 ||    76
       Summon Ice Beast  |       |       |     9 |   113 |   120 ||   242
       Summon Lightning  |       |       |       |    54 |    80 ||   134
       Summon Forest     |       |       |       |       |    27 ||    27
Invok: Channel Magic     |       |       |       |     1 |     2 ||     3
Evoke: Wand              |       |       |    16 |    32 |    15 ||    63
       Lightning rod     |       |       |       |     9 |     7 ||    16
       Condenser vane    |       |       |       |     1 |     1 ||     2
  Use: Scroll            |       |     5 |    10 |     8 |     4 ||    27
 Stab: Distracted        |     1 |       |     1 |     5 |    10 ||    17
       Sleeping          |       |     1 |     1 |     7 |     2 ||    11
Armor: Robe              |    50 |     8 |    22 |       |    78 ||   158
       Steam dragon scal |       |       |    33 |   151 |    73 ||   257
Dodge: Dodged            |   111 |    45 |   149 |   348 |   313 ||   966
Block: Buckler           |       |       |    15 |   151 |   158 ||   324
       Rpst.: Double sword |       |       |     5 |   106 |    77 ||   188

Table legend: (Time is in decaauts)
 A = Elapsed time spent in this place.
 B = Non-inter-level travel time spent in this place.
 C = Inter-level travel time spent in this place.
 D = Time resting spent in this place.
 E = Time spent auto-exploring this place.
 F = Levels seen in this place.
 G = Mean time per level.
                   A        B        C        D        E       F      G
               +--------+--------+--------+--------+--------+-----+--------+
         Total |  32861 |  31247 |   1614 |   7900 |  15411 |  22 | 1493.7 |
       Dungeon |  20276 |  19402 |    874 |   5596 |   9110 |  14 | 1448.3 |
          Lair |  10315 |   9649 |    666 |   2050 |   5016 |   6 | 1719.2 |
  Orcish Mines |   2269 |   2196 |     73 |    254 |   1285 |   2 | 1134.5 |
               +--------+--------+--------+--------+--------+-----+--------+

Top non-repeatable levels by time:
  Lair:6: 2973 daAuts
    D:11: 2261 daAuts
  Lair:5: 2080 daAuts
     D:5: 2055 daAuts
     D:7: 2008 daAuts
     D:6: 1852 daAuts
     D:4: 1676 daAuts
  Lair:3: 1561 daAuts
    D:12: 1491 daAuts
     D:3: 1466 daAuts
     D:1: 1458 daAuts
    D:10: 1430 daAuts
  Lair:2: 1390 daAuts
  Lair:1: 1320 daAuts
     D:9: 1229 daAuts
